Map: New Gettysburg LE

Players

gismo

  • Race: Terran Terran
  • League: Gold

Nickos - Winner!

  • Race: Terran Terran
  • League: Gold

VOD

Have the link to the VOD?

Description

Time

  • Played on: Sept. 22, 2016, 9:49 p.m.
  • Length: 12:54
Show
View Real Time Build Order
Export as new Build Order

gismo Terran 

Build Orders: Command Center First (CC), MMM Bio 

Get SALT Encoding   

  12  0:01  SCV  
  13  0:14  SCV  
  14  0:25  Supply Depot  
  14  0:26  SCV  
  15  0:46  SCV  
  16  0:58  SCV  
  16  1:03  Command Center  
  17  1:11  SCV  
  18  1:15  Refinery  
  18  1:23  SCV  
  19  1:28  Barracks  
  19  1:35  SCV  
  20  1:47  SCV  
  20  1:53  Barracks  
  21  1:59  SCV  
  22  2:15  Orbital Command  
  21  2:24  Barracks Tech Lab  
  21  2:25  Orbital Command  
  21  2:43  Barracks  
  21  2:45  Marauder  
  21  2:47  Barracks Tech Lab  
  21  2:48  Concussive Shells  
  21  2:51  SCV x2  
  25  3:03  SCV  
  25  3:05  Refinery  
  26  3:11  Factory  
  26  3:16  Engineering Bay  
  26  3:19  SCV x2  
  28  3:20  Marine  
  29  3:31  SCV x2  
  29  3:32  Marauder  
  33  3:43  SCV x2  
  35  3:51  Terran Infantry Weapons Level 1  
  35  3:54  Engineering Bay  
  35  3:55  SCV x2  
  36  3:56  Missile Turret  
  36  3:58  Factory Tech Lab  
  37  4:07  SCV  
  38  4:21  Refinery  
  38  4:22  Refinery  
  38  4:26  Supply Depot  
  38  4:28  Supply Depot  
  38  4:31  Stimpack  
  38  4:37  Terran Infantry Armor Level 1  
  38  4:45  Supply Depot  
  38  4:47  Supply Depot, Marine x3  
  38  4:48  SCV x2  
  38  4:51  Supply Depot  
  43  5:00  SCV x2  
  43  5:02  Starport  
  43  5:05  Marine x3  
  48  5:07  Widow Mine  
  48  5:12  SCV x2  
  52  5:23  Marine x3  
  52  5:24  SCV x2  
  57  5:35  Widow Mine, Armory  
  57  5:36  SCV x2  
  57  5:41  Marine x3  
  57  5:42  Starport Reactor  
  64  5:58  Combat Shields  
  64  5:59  Marine x2  
  64  6:00  Marine  
  64  6:04  Widow Mine  
  67  6:07  Missile Turret  
  69  6:16  Marine  
  69  6:17  Command Center  
  70  6:23  Terran Infantry Weapons Level 2  
  70  6:25  Viking  
  70  6:26  Viking  
  70  6:30  Marine  
  75  6:37  Barracks  
  75  6:44  Marine  
  75  6:45  Marine  
  76  6:48  Marine  
  76  6:53  Barracks  
  77  6:55  Barracks  
  77  7:02  Marine  
  78  7:17  Supply Depot x2  
  78  7:18  Supply Depot  
  78  7:21  Terran Infantry Armor Level 2  
  78  7:28  Marine x2  
  80  7:33  Marine  
  81  7:39  Supply Depot  
  81  7:46  Marine x2  
  83  7:51  Marine  
  84  8:04  Marine x2  
  86  8:09  Marine  
  86  8:12  Viking x2  
  91  8:22  Marine  
  91  8:26  Barracks Tech Lab x2  
  92  8:29  Thor  
  98  8:39  Orbital Command  
  98  8:42  Viking x2  
  100  9:11  Thor  
  100  9:16  Marine x2  
  100  9:17  Marine x3  
  108  9:19  Viking x2  
  115  9:25  SCV  
  116  9:34  SCV, Marine  
  116  9:35  SCV  
  116  9:37  SCV  
  120  9:45  Marine x3  
  121  9:46  SCV, Marine  
  121  9:50  Terran Infantry Weapons Level 3  
  121  9:51  Terran Infantry Armor Level 3  
  125  9:59  Marine, SCV x3  
  125  10:00  Widow Mine  
  125  10:03  Marine x2  
  109  10:11  SCV  
  109  10:12  Marine x2  
  110  10:17  Marine  
  110  10:21  Marine  
  112  10:23  SCV  
  113  10:28  Command Center  
  113  10:35  Refinery, SCV  
  114  10:39  Refinery  
  114  10:47  Terran Ship Weapons Level 1, SCV  
  115  10:50  Armory  
  115  10:53  Starport  
  115  10:59  SCV  
  115  11:00  Thor  
  115  11:03  Medivac  
  124  11:10  Viking  
  126  11:28  Marine x5  
  124  11:33  Viking  
  126  11:40  Viking  
  126  11:42  Sensor Tower  
  126  11:46  Marine x3  
  109  12:03  Viking  
  72  12:28  Barracks Reactor  
  72  12:29  Barracks Reactor  
Show
View Real Time Build Order
Export as new Build Order

Nickos Terran - Winner!

Build Orders: MMM Bio 

Get SALT Encoding   

  12  0:01  SCV  
  13  0:13  SCV  
  14  0:19  Supply Depot  
  14  0:25  SCV  
  15  0:40  SCV  
  16  0:46  Barracks  
  16  0:52  SCV  
  17  1:04  SCV  
  18  1:16  SCV  
  19  1:22  Command Center  
  19  1:32  Orbital Command  
  19  1:34  Marine  
  20  1:45  Barracks  
  20  1:52  Marine  
  21  2:00  SCV  
  22  2:04  Supply Depot  
  22  2:09  Marine  
  23  2:26  Refinery, SCV  
  23  2:27  Refinery  
  23  2:29  Barracks  
  24  2:38  SCV  
  24  2:41  Marine  
  24  2:43  Orbital Command  
  26  2:50  SCV  
  27  2:53  Marine  
  28  3:02  SCV  
  29  3:07  Marine  
  29  3:10  SCV  
  31  3:16  SCV  
  31  3:18  Supply Depot  
  31  3:19  Barracks Tech Lab, Barracks Reactor  
  32  3:24  SCV  
  33  3:28  Barracks Reactor, SCV  
  34  3:36  SCV  
  34  3:40  SCV  
  36  3:45  Stimpack  
  36  3:48  SCV  
  36  3:49  Marauder  
  36  3:52  SCV  
  36  3:55  Supply Depot  
  40  4:00  SCV  
  41  4:04  Barracks, SCV  
  41  4:05  Barracks  
  41  4:06  Marine x4  
  46  4:10  Marine  
  46  4:12  SCV, Factory  
  46  4:16  SCV  
  49  4:24  Supply Depot  
  49  4:25  SCV  
  49  4:26  Marine  
  49  4:28  SCV, Marauder, Marine  
  49  4:29  Marine  
  56  4:37  SCV  
  57  4:41  Marine  
  58  4:45  SCV  
  58  4:46  Marine x2  
  58  4:48  Supply Depot  
  58  4:50  Marauder  
  63  4:55  SCV  
  63  4:57  Factory Reactor, Starport  
  63  4:58  SCV  
  65  5:01  Barracks Tech Lab  
  65  5:07  SCV  
  65  5:09  Engineering Bay  
  65  5:10  SCV  
  65  5:12  Refinery, Engineering Bay, Marine  
  65  5:13  Marine  
  69  5:19  SCV  
  70  5:22  SCV  
  70  5:23  Barracks Reactor  
  70  5:24  Marauder  
  70  5:25  Marauder  
  75  5:47  SCV x2  
  77  5:53  Reaper  
  78  6:06  Command Center  
  78  6:33  Terran Infantry Weapons Level 1  
  78  6:39  Marine  
  78  6:40  Medivac, Marauder, Reaper, Supply Depot, SCV x2  
  86  6:54  Medivac, SCV x2, Marine x4  
  86  6:55  Supply Depot  
  94  7:01  Marine  
  94  7:02  Supply Depot, Marauder x2  
  94  7:03  Supply Depot  
  94  7:06  SCV  
  94  7:07  SCV  
  101  7:17  Medivac  
  103  7:23  Marine, Marauder x2  
  103  7:24  Marine x5  
  103  7:26  Medivac  
  103  7:27  Supply Depot  
  103  7:28  Supply Depot  
  115  7:31  Supply Depot, SCV x2  
  115  7:36  Terran Infantry Armor Level 1  
  117  7:43  Marine x3, SCV x2  
  117  7:44  Marauder x2, Marine x3  
  128  7:59  Planetary Fortress  
  128  8:01  Marine x3  
  131  8:06  Marauder x2  
  131  8:12  Marine x3  
  137  8:14  Medivac  
  140  8:20  Marine  
  140  8:21  Refinery  
  140  8:23  Barracks x2  
  140  8:24  Barracks, Marine x2  
  143  8:27  Marauder  
  143  8:30  Marauder  
  147  8:35  Marine x2  
  147  8:36  Marine  
  149  8:45  SCV x2  
  151  8:48  Marauder  
  151  8:52  Marauder  
  155  9:02  Marine  
  155  9:03  Marine x5  
  155  9:06  SCV  
  155  9:07  SCV x2  
  155  9:09  Marine  
  164  9:10  Supply Depot  
  164  9:11  Supply Depot  
  164  9:12  Marine  
  164  9:14  Armory  
  165  9:20  Marine x2  
  165  9:21  Marine  
  168  9:31  Command Center, Marine  
  168  9:32  Marine x2  
  168  9:33  Barracks Tech Lab x3  
  168  9:35  Marauder x2  
  168  9:37  Viking  
  177  9:39  Combat Shields  
  177  9:57  Marauder x2  
  123  10:08  Marine  
  123  10:09  Marine x5  
  123  10:18  Marauder, Marine x4  
  128  10:25  Medivac x2  
  128  10:26  Marine x2  
  128  10:27  Marine x4  
  138  10:34  Supply Depot  
  138  10:36  Marine x2  
  140  10:49  Planetary Fortress  
  140  10:52  Marine  
  140  10:53  Marine x5  
  140  10:54  Marine x5  
  140  10:55  Medivac  
  153  11:18  Marine x2  
  153  11:19  Marine x5  
  153  11:20  Marauder  
  153  11:21  Marauder x3  
  168  11:36  Marine x3  
  168  11:38  Marauder  
  173  11:42  Marauder x4  
  173  11:46  Marine  
  182  11:47  Marine x2  
  181  11:59  Marauder  
  173  12:03  Marauder  
  173  12:06  Marine  
  173  12:07  Marine x5  
  158  12:08  Marauder x2  
  158  12:09  Marauder  
  159  12:21  Marauder  
  158  12:24  Marauder, Marine x2  
  158  12:25  Marine  
  167  12:30  Marine x3, Marauder x3  
Tags
 
Add a new tag
Caveats
  • Supply blocks, unpowered buildings, or Contaminate may cause inaccurate times.
  • Supply counts are checked every 10 seconds.